[Event "December 19 Late 2023"]
[Site "https://www.chess.com"]
[Date "2023.12.19"]
[Round "5"]
[White "Makaraci, Tunahan"]
[Black "Bardyk, Artem"]
[Result "1-0"]
[Board "52"]
[TimeControl "180+1"]
[WhiteFideId "6356559"]
[BlackFideId "34349979"]
[WhiteElo "2112"]
[BlackElo "2300"]
[WhiteTeam "TUR"]
[BlackTeam "RUS"]
[WhiteClock "0:00:08"]
[BlackClock "0:00:01"]

1. e4 e5 2. Nc3 Nf6 3. f4 d5 4. fxe5 Nxe4 5. Qf3 Nc6 6. Bb5 Nxc3 7. dxc3 Qh4+ 8. g3 Qe4+ 9. Qxe4 dxe4 10. Ne2 Bd7 11. Bxc6 Bxc6 12. Rf1 Be7 13. Nd4 Bd5 14. Nf5 Bf8 15. Be3 O-O-O 16. b3 a6 17. O-O-O Ba3+ 18. Kb1 Rd7 19. Nxg7 Rg8 20. Nh5 Be7 21. Nf4 Bc6 22. Ne2 Rxd1+ 23. Rxd1 f6 24. exf6 Bxf6 25. Bd4 Be7 26. Rf1 Be8 27. Nf4 Bf7 28. Re1 Bd6 29. Rxe4 Kd7 30. Be5 Re8 31. Nd3 Kc8 32. Rf4 Bxe5 33. Nxe5 Bd5 34. Nd3 b6 35. c4 Bc6 36. Kb2 Re2 37. Rf2 Re3 38. Kc3 Kb7 39. Kd4 Re7 40. Nf4 Rf7 41. Re2 Bd7 42. c5 Kc6 43. cxb6 cxb6 44. Nd3 Kd6 45. Ne5 Rg7 46. Nxd7 Rxd7 47. c4 a5 48. Re5 Rf7 49. Rh5 Kc6 50. Rh6+ Kc7 51. a3 Rd7+ 52. Kc3 Rf7 53. Kd4 Re7 54. b4 axb4 55. axb4 Kb7 56. c5 bxc5+ 57. bxc5 Kc7 58. Kd5 Kd7 59. Ra6 Ke8 60. Ra8+ Kf7 61. c6 Kf6 62. Rf8+ Kg7 63. Rf2 Re1 64. c7 Rc1 65. Kd6 Rd1+ 66. Ke7 Re1+ 67. Kd7 Rd1+ 68. Kc8 Rb1 69. Rd2 Rb2 70. Rxb2 1-0

[Event "December 19 Late 2023"]
[Site "https://www.chess.com"]
[Date "2023.12.19"]
[Round "5"]
[White "Adla, Diego"]
[Black "Sadovsky, Artem"]
[Result "1-0"]
[Board "53"]
[TimeControl "180+1"]
[WhiteFideId "100072"]
[BlackFideId "4155840"]
[WhiteElo "2377"]
[BlackElo "2314"]
[WhiteTeam "ARG"]
[BlackTeam "FID"]
[WhiteClock "0:00:07"]
[BlackClock "0:00:00"]

1. c4 g6 2. Nc3 Bg7 3. d4 d6 4. e4 e5 5. dxe5 dxe5 6. Qxd8+ Kxd8 7. Be3 Be6 8. O-O-O+ Nd7 9. g3 c6 10. Bh3 Bxh3 11. Nxh3 Ke7 12. Kc2 Ngf6 13. f3 Rhd8 14. Nf2 Bf8 15. a3 Ke8 16. b4 a5 17. Kb3 Be7 18. Nd3 axb4 19. axb4 Ra6 20. Ra1 Rda8 21. Rxa6 Rxa6 22. Rd1 Ra8 23. c5 Bd8 24. Nb2 b6 25. Nc4 bxc5 26. bxc5 Rb8+ 27. Kc2 Bc7 28. Nd6+ Bxd6 29. Rxd6 Rc8 30. f4 Ng4 31. Bg1 f6 32. h3 Nh6 33. Rd1 Nf7 34. Be3 Ke7 35. Ra1 Rc7 36. Ra8 Nd8 37. Kd3 Ne6 38. Kc4 Rb7 39. Rh8 Nef8 40. f5 g5 41. h4 Kf7 42. hxg5 Kg7 43. Rxf8 Kxf8 44. gxf6 Nxf6 45. Bg5 Kf7 46. Bc1 Rd7 47. Be3 Ng4 48. Bg5 Rd4+ 49. Kb3 Nf6 50. Bxf6 Kxf6 51. Kc2 Rc4 52. Kd3 Rxc5 53. Nd1 Ra5 54. Ne3 Ra3+ 55. Ke2 Kg5 56. Nc4 Rxg3 57. Nxe5 Kf4 58. f6 Rg8 59. Nd7 Kxe4 60. f7 Rd8 61. Nf6+ 1-0

[Event "December 19 Late 2023"]
[Site "https://www.chess.com"]
[Date "2023.12.19"]
[Round "5"]
[White "Tanenbaum, Zachary"]
[Black "Chylewski, Patryk"]
[Result "1-0"]
[Board "54"]
[TimeControl "180+1"]
[WhiteFideId "2060850"]
[BlackFideId "1186191"]
[WhiteElo "2256"]
[BlackElo "2176"]
[WhiteTeam "USA"]
[BlackTeam "POL"]
[WhiteClock "0:01:18"]
[BlackClock "0:00:00"]

1. e4 c5 2. c3 d5 3. exd5 Qxd5 4. d4 Nc6 5. Nf3 Bg4 6. dxc5 Qxd1+ 7. Kxd1 e5 8. b4 e4 9. h3 Bh5 10. g4 exf3 11. gxh5 O-O-O+ 12. Kc2 Nf6 13. Nd2 Ne5 14. Nc4 Re8 15. Bf4 Nxc4 16. Bxc4 Nxh5 17. Be3 Re7 18. Bd5 f5 19. Bxf3 Nf6 20. Rhd1 Ne4 21. Bd4 Rg8 22. Be2 Rh8 23. Bd3 h5 24. a4 Rh6 25. a5 a6 26. Rg1 h4 27. Rae1 Rhe6 28. Bc4 Rh6 29. f3 Ng3 30. Rxe7 Bxe7 31. Bxg7 Rg6 32. Be5 Kd8 33. Bd5 Kc8 34. Kd3 Bd8 35. Bf7 Rg5 36. f4 1-0

[Event "December 19 Late 2023"]
[Site "https://www.chess.com"]
[Date "2023.12.19"]
[Round "5"]
[White "Kucza, Karol"]
[Black "Van Roon, Sjoerd"]
[Result "0-1"]
[Board "55"]
[TimeControl "180+1"]
[WhiteFideId "1159755"]
[BlackFideId "1051075"]
[WhiteElo "2307"]
[BlackElo "2180"]
[WhiteTeam "POL"]
[BlackTeam "NED"]
[WhiteClock "0:00:27"]
[BlackClock "0:00:27"]

1. e4 c5 2. Nf3 Nc6 3. d4 cxd4 4. Nxd4 Nf6 5. Nc3 e5 6. Ndb5 d6 7. Bg5 a6 8. Na3 b5 9. Nab1 Be7 10. Bxf6 Bxf6 11. a4 b4 12. Nd5 O-O 13. Nd2 a5 14. Nc4 Bg5 15. Bd3 Be6 16. Nce3 Bxe3 17. Nxe3 Ne7 18. O-O g6 19. Bc4 Qc8 20. b3 Rd8 21. Qd3 Nc6 22. Bd5 Bxd5 23. Nxd5 Qb7 24. c3 bxc3 25. Qxc3 Nd4 26. Qd3 Qxb3 27. Qxb3 Nxb3 28. Rad1 Nc5 29. f3 Nxa4 30. Ne7+ Kf8 31. Nc6 Rdc8 32. Rxd6 Nc3 33. Nxe5 Rc7 34. Ra1 a4 35. Rd7 Rxd7 36. Nxd7+ Ke7 37. Nb6 Ra6 38. Nc4 Nb5 39. Na3 Nxa3 40. Rxa3 Kd6 41. Kf2 Kc5 42. Ke3 Kb4 43. Ra1 Kb3 44. Kf4 Kb2 45. Re1 a3 46. Kg5 a2 47. Kh6 a1=Q 48. Rxa1 Rxa1 49. Kxh7 Kc3 50. Kg7 Ra7 51. h4 Kd4 52. g4 Ke3 53. h5 gxh5 54. gxh5 Kxf3 55. h6 f5+ 56. Kg6 fxe4 57. h7 Rxh7 58. Kxh7 e3 0-1

[Event "December 19 Late 2023"]
[Site "https://www.chess.com"]
[Date "2023.12.19"]
[Round "5"]
[White "Gubajdullin, Alexei"]
[Black "Novak, Ratko"]
[Result "1-0"]
[Board "56"]
[TimeControl "180+1"]
[WhiteFideId "4141202"]
[BlackFideId "14511827"]
[WhiteElo "2274"]
[BlackElo "2036"]
[WhiteTeam "RUS"]
[BlackTeam "CRO"]
[WhiteClock "0:00:23"]
[BlackClock "0:00:11"]

1. e4 d5 2. exd5 c6 3. dxc6 Nxc6 4. Nf3 e5 5. d3 Bc5 6. Be2 f5 7. O-O Nf6 8. Bg5 O-O 9. Nc3 Be6 10. Qd2 Qe7 11. Rae1 Rad8 12. Qc1 h6 13. Be3 Bb4 14. a3 Bxc3 15. bxc3 f4 16. Bd2 g5 17. Bd1 Qc5 18. d4 exd4 19. Rxe6 dxc3 20. Be1 Qd5 21. Rxf6 Rxf6 22. Bxc3 Re6 23. Ba1 Qc4 24. g3 g4 25. Qb2 Qxf1+ 26. Kxf1 Rxd1+ 27. Kg2 gxf3+ 28. Kxf3 Nd4+ 29. Kxf4 Ree1 30. Kg4 b6 31. f4 h5+ 32. Kxh5 Re2 33. Qa2+ Kh7 34. Qf7+ Kh8 35. Qf6+ Kh7 36. Bxd4 Rxh2+ 37. Kg4 1-0

[Event "December 19 Late 2023"]
[Site "https://www.chess.com"]
[Date "2023.12.19"]
[Round "5"]
[White "Nunez V, Gustavo Eduardo"]
[Black "Srinath, Rao S.V."]
[Result "0-1"]
[Board "57"]
[TimeControl "180+1"]
[WhiteFideId "4403690"]
[BlackFideId "5028876"]
[WhiteElo "2167"]
[BlackElo "2198"]
[WhiteTeam "COL"]
[BlackTeam "IND"]
[WhiteClock "0:00:00"]
[BlackClock "0:01:29"]

1. e4 e5 2. Nc3 Nc6 3. g3 g6 4. Bg2 Bg7 5. Nge2 Nge7 6. O-O O-O 7. d3 d6 8. Be3 f5 9. Qd2 Be6 10. h3 Qd7 11. Kh2 Rf7 12. d4 exd4 13. Nxd4 Nxd4 14. Bxd4 Bxd4 15. Qxd4 Nc6 16. Qd2 Raf8 17. Rad1 f4 18. gxf4 Rxf4 19. Qe3 Ne5 20. Ne2 Rf3 21. Bxf3 Rxf3 22. Qxa7 Rxh3+ 23. Kg2 Bc4 24. Ng3 Bxf1+ 25. Rxf1 Qg4 26. Qb8+ Kg7 27. Qxc7+ Kh6 28. Qc3 Nf3 29. Qe3+ g5 30. Qxf3 Rh2+ 31. Kxh2 Qxf3 32. Nf5+ Kg6 33. Ng3 h5 34. Kg1 h4 35. Nf5 h3 0-1

[Event "December 19 Late 2023"]
[Site "https://www.chess.com"]
[Date "2023.12.19"]
[Round "5"]
[White "Pein, Jonathan"]
[Black "Antunez Soler, Luis"]
[Result "0-1"]
[Board "58"]
[TimeControl "180+1"]
[WhiteFideId "417092"]
[BlackFideId "3513335"]
[WhiteElo "2130"]
[BlackElo "2154"]
[WhiteTeam "ENG"]
[BlackTeam "CUB"]
[WhiteClock "0:00:18"]
[BlackClock "0:00:21"]

1. g3 d5 2. Bg2 Nf6 3. c4 c6 4. Nf3 g6 5. O-O Bg7 6. cxd5 cxd5 7. d4 O-O 8. Ne5 Nc6 9. Nxc6 bxc6 10. Nc3 Bf5 11. Bf4 Qd7 12. Be5 Bh3 13. Na4 Bxg2 14. Kxg2 Ne4 15. Bxg7 Kxg7 16. f3 Nd6 17. b3 h5 18. Nc5 Qc7 19. e4 h4 20. Rc1 hxg3 21. hxg3 Qa5 22. Qe2 Qb5 23. Qe3 Rae8 24. exd5 Nf5 25. Qe5+ f6 26. Ne6+ Kf7 27. Qe1 Qxd5 28. Nxf8 Rxf8 29. Qe4 Qd6 30. Rxc6 Qxg3+ 31. Kh1 Rh8+ 32. Qh4 Rxh4# 0-1

[Event "December 19 Late 2023"]
[Site "https://www.chess.com"]
[Date "2023.12.19"]
[Round "5"]
[White "Szyszylo, Rafal"]
[Black "Womacka, Mathias"]
[Result "0-1"]
[Board "59"]
[TimeControl "180+1"]
[WhiteFideId "1109626"]
[BlackFideId "4611390"]
[WhiteElo "1951"]
[BlackElo "2376"]
[WhiteTeam "POL"]
[BlackTeam "GER"]
[WhiteClock "0:00:00"]
[BlackClock "0:00:06"]

1. e4 c5 2. Nc3 Nc6 3. Bb5 Nd4 4. Nf3 Nxb5 5. Nxb5 d6 6. d4 Nf6 7. Nc3 cxd4 8. Qxd4 e5 9. Qd3 h6 10. Nd2 Be6 11. Nc4 Be7 12. Ne3 O-O 13. O-O a6 14. a4 Rc8 15. Rd1 Qb6 16. Bd2 Qd4 17. Be1 Qxd3 18. Rxd3 Rc6 19. a5 Rfc8 20. Ra4 g6 21. h3 h5 22. Kf1 Kg7 23. Ke2 Bd8 24. Kd1 Rc5 25. b4 R5c6 26. Ra3 Be7 27. Ra4 h4 28. Kc1 Nh5 29. Kb2 f5 30. f3 Nf4 31. Rd1 Kf7 32. Ned5 Nxg2 33. Nxe7 Kxe7 34. Bd2 Kf6 35. Ra3 Nf4 36. Be1 g5 37. exf5 Bxf5 38. Nd5+ Kf7 39. c4 Be6 0-1

[Event "December 19 Late 2023"]
[Site "https://www.chess.com"]
[Date "2023.12.19"]
[Round "5"]
[White "Tifferet, Shakked"]
[Black "Fernandez Diaz, Cristian"]
[Result "0-1"]
[Board "60"]
[TimeControl "180+1"]
[WhiteFideId "2811529"]
[BlackFideId "22256687"]
[WhiteElo "2142"]
[BlackElo "2170"]
[WhiteTeam "ISR"]
[BlackTeam "ESP"]
[WhiteClock "0:00:12"]
[BlackClock "0:00:17"]

1. e4 c5 2. Nf3 Nc6 3. Nc3 g6 4. h4 Nf6 5. Bc4 Bg7 6. e5 Ng4 7. Bxf7+ Kxf7 8. Ng5+ Ke8 9. Qxg4 Nxe5 10. Qe2 d6 11. h5 h6 12. Nge4 g5 13. d3 Nc6 14. Be3 d5 15. Bxc5 dxe4 16. Qxe4 Rf8 17. O-O Bf5 18. Qa4 Qd7 19. Rfe1 Rf7 20. Nb5 Kf8 21. Qc4 Kg8 22. Re3 Ne5 23. Qb3 Be6 24. Qb4 a5 25. Qa4 Bd5 26. Rae1 Qf5 27. R3e2 Raf8 28. Nd4 Qg4 29. Re4 Bxe4 30. Rxe4 Rxf2 31. Rxg4 Rf1+ 32. Kh2 Nxg4+ 33. Kg3 Be5+ 34. Kxg4 R8f4+ 35. Kg3 Rxd4+ 36. Kh3 Rxa4 37. d4 Bxd4 38. b3 Bxc5 39. bxa4 Rf2 40. a3 Rxc2 41. g3 Rc3 42. Kg4 Rxa3 43. Kf5 Rxa4 44. g4 Rb4 45. Kg6 a4 46. Kf5 a3 47. Kg6 a2 48. Kxh6 a1=Q 49. Kg6 Qf6# 0-1

[Event "December 19 Late 2023"]
[Site "https://www.chess.com"]
[Date "2023.12.19"]
[Round "5"]
[White "Rodgers, Jack"]
[Black "Skibbe, Willi"]
[Result "1-0"]
[Board "61"]
[TimeControl "180+1"]
[WhiteFideId "3220885"]
[BlackFideId "4682190"]
[WhiteElo "2107"]
[BlackElo "2384"]
[WhiteTeam "AUS"]
[BlackTeam "GER"]
[WhiteClock "0:00:17"]
[BlackClock "0:00:52"]

1. d4 d5 2. Bg5 h6 3. Bh4 c5 4. dxc5 Qa5+ 5. Nc3 e6 6. e4 g5 7. Bg3 Bg7 8. Bb5+ Bd7 9. Bxd7+ Nxd7 10. Ne2 dxe4 11. Bd6 Nxc5 12. O-O Rd8 13. a3 Qb6 14. Bxc5 Rxd1 15. Bxb6 Rxf1+ 16. Kxf1 axb6 17. Nxe4 Nf6 18. Nxf6+ Bxf6 19. c3 Ke7 20. Rd1 Rd8 21. Ke1 Rxd1+ 22. Kxd1 Bg7 23. Kd2 Kd6 24. Kd3 f5 25. a4 e5 26. f3 h5 27. Ng3 Ke6 28. Nxh5 Bf8 29. Ng3 Bc5 30. Ne2 Kd5 31. c4+ Ke6 32. Nc3 Bd4 33. b4 Bg1 34. h3 Bf2 35. g4 fxg4 36. hxg4 Be1 37. Kc2 Bxc3 38. Kxc3 e4 39. fxe4 Ke5 40. Kd3 Kf4 41. Kd4 Kxg4 42. e5 Kf5 43. Kd5 g4 44. e6 g3 45. e7 g2 46. e8=Q g1=Q 47. Qf8+ Kg4 48. Qg8+ Kf3 49. Qxg1 1-0

[Event "December 19 Late 2023"]
[Site "https://www.chess.com"]
[Date "2023.12.19"]
[Round "5"]
[White "Tao, Sihan"]
[Black "Sokolov, Andrei"]
[Result "1-0"]
[Board "62"]
[TimeControl "180+1"]
[WhiteFideId "30982677"]
[BlackFideId "11600306"]
[WhiteElo "1943"]
[BlackElo "2473"]
[WhiteTeam "USA"]
[BlackTeam "LAT"]
[WhiteClock "0:00:14"]
[BlackClock "0:00:00"]

1. e4 e5 2. Nf3 Nc6 3. Nc3 Nf6 4. d4 exd4 5. Nxd4 Bb4 6. Nxc6 bxc6 7. Bd3 O-O 8. O-O d5 9. exd5 cxd5 10. h3 c6 11. Qf3 Be7 12. Bf4 Be6 13. Rfe1 Re8 14. Re2 Nd7 15. Rae1 Nf8 16. a3 Bf6 17. Be5 Bxe5 18. Rxe5 Rb8 19. Na4 Qf6 20. b4 Qxf3 21. gxf3 Nd7 22. R5e2 Red8 23. h4 Ra8 24. Ba6 Rdb8 25. c3 h6 26. Kg2 Kf8 27. Bd3 a5 28. Nb2 axb4 29. axb4 Ra3 30. Nd1 c5 31. bxc5 Nxc5 32. Bc2 Ra2 33. Ne3 Rbb2 34. Bd1 Rxe2 35. Rxe2 Rxe2 36. Bxe2 Na4 37. c4 dxc4 38. Nxc4 Bxc4 39. Bxc4 Nc3 40. Kg3 Na4 41. Bd3 Nc5 42. Bc2 f6 43. f4 Ke7 44. Kf3 Kd6 45. Ke3 Ne6 46. Bf5 Nc5 47. Bc2 Kd5 48. Bd1 Ne6 49. Bb3+ Kd6 50. Bxe6 Kxe6 51. Ke4 f5+ 52. Kd4 Kf6 53. Kd5 g5 54. hxg5+ hxg5 55. fxg5+ Kxg5 56. Ke5 Kg4 57. f4 Kh5 58. Kxf5 Kh6 59. Kf6 Kh7 60. Kf7 Kh6 61. f5 Kg5 62. f6 Kf5 63. Ke7 Kg6 64. f7 Kg7 65. f8=Q+ 1-0

[Event "December 19 Late 2023"]
[Site "https://www.chess.com"]
[Date "2023.12.19"]
[Round "5"]
[White "Perea Fruet, Lorenzo"]
[Black "Liascovich, Lucas"]
[Result "0-1"]
[Board "63"]
[TimeControl "180+1"]
[WhiteFideId "24595870"]
[BlackFideId "108634"]
[WhiteElo "2268"]
[BlackElo "2455"]
[WhiteTeam "ESP"]
[BlackTeam "ARG"]
[WhiteClock "0:00:00"]
[BlackClock "0:01:24"]

1. f4 d5 2. Nf3 Nf6 3. g3 g6 4. Bg2 Bg7 5. O-O c5 6. d3 O-O 7. h3 Nc6 8. Nbd2 b5 9. e4 dxe4 10. dxe4 Bb7 11. e5 Nd5 12. Ne4 Qb6 13. Kh2 Rad8 14. Qe2 Nd4 15. Nxd4 cxd4 16. h4 h5 17. Ng5 Ne3 18. Bxe3 dxe3 19. Rad1 b4 20. Bxb7 Qxb7 21. Qxe3 Qa6 22. Rfe1 Qxa2 23. Qb3 Qa5 24. f5 gxf5 25. Qf3 Qa6 26. e6 f6 27. Nf7 Rxd1 28. Qxd1 f4 29. Qxh5 fxg3+ 30. Kh3 Qc4 31. Qg6 Qf4 32. h5 f5 33. h6 Qg4+ 34. Qxg4 fxg4+ 35. Kxg4 Bxb2 36. Kxg3 Bf6 37. Kf4 a5 38. Rd1 a4 39. Rd5 Ra8 40. Kf5 Kh7 0-1

[Event "December 19 Late 2023"]
[Site "https://www.chess.com"]
[Date "2023.12.19"]
[Round "5"]
[White "Gabuzyan, Hovhannes"]
[Black "Cervantes Landeiro, Thalia"]
[Result "1-0"]
[Board "64"]
[TimeControl "180+1"]
[WhiteFideId "13303732"]
[BlackFideId "3520498"]
[WhiteElo "2486"]
[BlackElo "2189"]
[WhiteTeam "ARM"]
[BlackTeam "USA"]
[WhiteClock "0:01:18"]
[BlackClock "0:00:00"]

1. e4 c5 2. Nc3 d6 3. d4 cxd4 4. Qxd4 Nc6 5. Qd2 g6 6. b3 Bg7 7. Bb2 Nf6 8. O-O-O O-O 9. f4 Qa5 10. Kb1 Bd7 11. Nge2 b5 12. Nd4 b4 13. Nd5 Nxe4 14. Qe1 Qxd5 15. Bc4 Qc5 16. Qxe4 Nxd4 17. Bxd4 Bxd4 18. Rxd4 Bf5 19. Qe3 Rac8 20. Re1 e6 21. h3 d5 22. Bd3 Bxd3 23. Qxd3 a5 24. g4 a4 25. f5 axb3 26. cxb3 exf5 27. gxf5 Rfe8 28. Rd1 Ra8 29. Qd2 Qc7 30. f6 Qb6 31. Rf4 Rad8 32. Rf3 Re6 33. Rdf1 Rde8 34. R3f2 d4 35. Qh6 1-0

[Event "December 19 Late 2023"]
[Site "https://www.chess.com"]
[Date "2023.12.19"]
[Round "5"]
[White "Hasanagic, Anel"]
[Black "Adewumi, Tanitoluwa"]
[Result "1/2-1/2"]
[Board "65"]
[TimeControl "180+1"]
[WhiteFideId "14605791"]
[BlackFideId "30966396"]
[WhiteElo "2209"]
[BlackElo "2325"]
[WhiteTeam "SLO"]
[BlackTeam "USA"]
[WhiteClock "0:00:10"]
[BlackClock "0:00:03"]

1. Nf3 Nf6 2. b3 g6 3. Bb2 Bg7 4. g3 O-O 5. Bg2 d6 6. O-O Nc6 7. d3 e5 8. Nbd2 Re8 9. Re1 a5 10. a4 h6 11. h3 Be6 12. e4 Nd7 13. Nc4 Nc5 14. Ne3 Nd4 15. Nxd4 exd4 16. Nf1 Qd7 17. Kh2 c6 18. f4 f5 19. exf5 Bxf5 20. g4 Rxe1 21. Qxe1 Bxd3 22. cxd3 Nxd3 23. Qd2 Nxb2 24. Qxb2 d3 25. Qc1 Bxa1 26. Qxa1 Qf7 27. Qd4 Rf8 28. Qxd3 Qxf4+ 29. Ng3 Kg7 30. Qc3+ Rf6 31. Qxa5 d5 32. Qc3 d4 33. Qd3 Re6 34. Be4 Qf2+ 35. Kh1 Qe1+ 36. Kg2 Qc3 37. Kf2 Rf6+ 38. Kg2 Re6 39. Kf2 Qb2+ 40. Ne2 c5 41. Kf3 Rf6+ 42. Kg3 Qa1 43. Bf3 Qf1 44. Qe4 Rf7 45. Nf4 Qg1+ 46. Bg2 Qe3+ 47. Qxe3 dxe3 48. Bf3 g5 49. Ne6+ Kf6 50. Nxc5 Ke5 51. Nxb7 Kd4 52. a5 Kd3 53. Nc5+ Kd2 54. Ne4+ Kd3 55. a6 e2 56. Nf2+ Ke3 57. Bxe2 Kxe2 58. Ne4 Rf3+ 59. Kg2 Rxb3 60. Nf6 Ke3 61. a7 Ra3 62. Ng8 Rxa7 63. Nxh6 Kf4 64. Nf5 Ra2+ 65. Kg1 Kf3 66. Kh1 Kf2 67. Kh2 Kf3+ 68. Kh1 Rb2 69. Kg1 Rg2+ 70. Kh1 Rf2 71. Kg1 Rg2+ 72. Kh1 Rg3 73. Kh2 Rg2+ 74. Kh1 1/2-1/2

[Event "December 19 Late 2023"]
[Site "https://www.chess.com"]
[Date "2023.12.19"]
[Round "5"]
[White "Pakleza, Zbigniew"]
[Black "GoldenShare"]
[Result "0-1"]
[Board "66"]
[TimeControl "180+1"]
[WhiteFideId "1119290"]
[WhiteElo "2410"]
[BlackElo "2507"]
[WhiteTeam "POL"]
[WhiteClock "0:00:00"]
[BlackClock "0:00:15"]

1. d4 d5 2. Bf4 Nf6 3. e3 c5 4. c3 Nc6 5. Nd2 Qb6 6. Qb3 c4 7. Qc2 Bg4 8. b3 cxb3 9. Qxb3 e6 10. Ngf3 Be7 11. Bd3 O-O 12. O-O Rac8 13. Qxb6 axb6 14. Rab1 Nd7 15. h3 Bh5 16. Bb5 Rfd8 17. c4 Bg6 18. Rbc1 Ba3 19. Rc3 Bb4 20. Rb3 Bc2 21. Bxc6 Bxb3 22. Bxd7 Bxc4 23. Nxc4 Rxc4 24. Bb5 Rc2 25. a4 Rdc8 26. g4 f6 27. h4 Kf7 28. Kg2 R8c3 29. g5 Rb2 30. Kg3 Be7 31. Kg2 Rcc2 32. gxf6 gxf6 33. Bg3 Rc3 34. Kh3 h6 35. Rg1 Rc8 36. Rg2 Rg8 37. Bc7 Rxg2 38. Kxg2 Bb4 39. Bxb6 Bd6 40. Bc5 Bxc5 41. dxc5 Rc2 42. c6 bxc6 43. Nd4 cxb5 44. Nxc2 bxa4 45. Kf3 Kg6 46. Kg4 h5+ 47. Kf4 e5+ 48. Kg3 Kf5 49. f3 Ke6 50. Kf2 Kd6 51. Ke2 Kc5 52. Kd3 f5 53. Kc3 Kb5 54. f4 d4+ 55. exd4 exf4 56. Ne1 Kc6 57. Kc4 a3 58. Kb3 Kd5 59. Nf3 Ke4 60. Kxa3 Kxf3 61. d5 Ke4 62. d6 f3 63. d7 f2 64. d8=Q f1=Q 65. Qe8+ Kf4 66. Qxh5 Kg3 67. Qg5+ Kh3 68. h5 Qf3+ 69. Kb2 Qe2+ 70. Kc3 Qf3+ 71. Kd2 Qd5+ 72. Ke2 Qc4+ 73. Kf3 Qf1+ 74. Ke3 Qc1+ 0-1

[Event "December 19 Late 2023"]
[Site "https://www.chess.com"]
[Date "2023.12.19"]
[Round "5"]
[White "Sahakyan, Aleks"]
[Black "Tabuenca Mendataurigoitia, Daniel"]
[Result "0-1"]
[Board "67"]
[TimeControl "180+1"]
[WhiteFideId "13316338"]
[BlackFideId "24563617"]
[WhiteElo "2292"]
[BlackElo "2130"]
[WhiteTeam "ARM"]
[BlackTeam "ESP"]
[WhiteClock "0:00:04"]
[BlackClock "0:00:07"]

1. b3 Nf6 2. Bb2 g6 3. Bxf6 exf6 4. d4 d5 5. e3 Bg7 6. Nf3 O-O 7. Be2 f5 8. O-O b6 9. c4 c5 10. cxd5 Qxd5 11. Nc3 Qd8 12. Rc1 Nd7 13. Bb5 cxd4 14. Nxd4 Ne5 15. Nc6 Nxc6 16. Bxc6 Rb8 17. Nb5 Ba6 18. Qxd8 Rfxd8 19. Rfd1 Bxb5 20. Bxb5 Bf8 21. Rxd8 Rxd8 22. h4 Bc5 23. a4 Rd2 24. g3 a5 25. Bc4 Kg7 26. Re1 f6 27. Kg2 g5 28. hxg5 fxg5 29. Kf3 h5 30. Bb5 Kf6 31. Be8 Rd3 32. Rb1 g4+ 33. Ke2 Rc3 34. Bxh5 Rc2+ 35. Kf1 Ke5 36. Bf7 Rd2 37. Bc4 Kf6 38. Rc1 Ba3 39. Re1 Bc5 40. Kg2 Ke5 41. Kg1 Ke4 42. Bb5 Rb2 43. Bc4 Rd2 44. Kg2 Ke5 45. Kf1 Ke4 46. Rb1 Kf3 47. Kg1 Rxf2 48. Bd5+ Kxg3 49. b4 Bxe3 50. Rb3 f4 51. bxa5 bxa5 52. Bc4 Rc2+ 53. Rxe3+ fxe3 0-1

[Event "December 19 Late 2023"]
[Site "https://www.chess.com"]
[Date "2023.12.19"]
[Round "5"]
[White "Reprintsev, Alexander"]
[Black "Martinez Ramirez, Lennis"]
[Result "0-1"]
[Board "68"]
[TimeControl "180+1"]
[WhiteFideId "14100541"]
[BlackFideId "3509079"]
[WhiteElo "2229"]
[BlackElo "2405"]
[WhiteTeam "UKR"]
[BlackTeam "CUB"]
[WhiteClock "0:00:15"]
[BlackClock "0:00:16"]

1. e4 d6 2. d4 g6 3. Nc3 Bg7 4. h4 h6 5. f4 c6 6. h5 gxh5 7. Rxh5 Qb6 8. e5 dxe5 9. fxe5 Nd7 10. e6 fxe6 11. Nf3 Ngf6 12. Rh4 h5 13. Bd3 Nf8 14. Ne5 Ng4 15. Nxg4 hxg4 16. Rxh8 Bxh8 17. Ne2 e5 18. c3 exd4 19. Nxd4 Bxd4 20. cxd4 Be6 21. Be3 Qxb2 22. Rb1 Qc3+ 23. Kf2 O-O-O 24. Rc1 Qa3 25. Be2 g3+ 26. Kf3 Bd5+ 27. Kf4 Ne6+ 28. Kxg3 Qxe3+ 29. Bf3 Rg8+ 30. Kh2 Rh8+ 0-1

[Event "December 19 Late 2023"]
[Site "https://www.chess.com"]
[Date "2023.12.19"]
[Round "5"]
[White "Sun, Rick"]
[Black "Pham, Le Thao Nguyen"]
[Result "1-0"]
[Board "69"]
[TimeControl "180+1"]
[WhiteFideId "30909481"]
[BlackFideId "12401226"]
[WhiteElo "2169"]
[BlackElo "2261"]
[WhiteTeam "USA"]
[BlackTeam "VIE"]
[WhiteClock "0:00:12"]
[BlackClock "0:00:00"]

1. d4 Nf6 2. Nc3 d5 3. Bf4 g6 4. Qd2 Bg7 5. O-O-O c6 6. h4 h5 7. f3 Bf5 8. Nh3 Bxh3 9. Rxh3 Nbd7 10. e4 e6 11. Be2 Nb6 12. Bg5 Qc7 13. e5 Nfd7 14. g4 a6 15. gxh5 gxh5 16. Rg3 Bf8 17. f4 c5 18. f5 cxd4 19. fxe6 fxe6 20. Qxd4 Nc5 21. Rf1 Be7 22. Bxe7 Qxe7 23. b4 Ncd7 24. Bxh5+ Kd8 25. Rf7 Qe8 26. Rxd7+ Qxd7 27. Qxb6+ Kc8 28. Ne4 Kb8 29. Nc5 Qc6 30. Qxc6 bxc6 31. Rg5 1-0

[Event "December 19 Late 2023"]
[Site "https://www.chess.com"]
[Date "2023.12.19"]
[Round "5"]
[White "Manolache, Marius"]
[Black "Novikova, Galina"]
[Result "1-0"]
[Board "70"]
[TimeControl "180+1"]
[WhiteFideId "1201530"]
[BlackFideId "4157095"]
[WhiteElo "2364"]
[BlackElo "1972"]
[WhiteTeam "ROU"]
[BlackTeam "RUS"]
[WhiteClock "0:01:34"]
[BlackClock "0:00:00"]

1. d4 Nf6 2. Bg5 Ne4 3. Bf4 d5 4. e3 g6 5. Bd3 Bg7 6. Bxe4 dxe4 7. h4 h5 8. c3 Nc6 9. Nd2 f5 10. Qb3 e6 11. Bg5 Qd7 12. Nh3 O-O 13. Nf4 Kh7 14. O-O-O a5 15. a4 Ne7 16. g4 fxg4 17. Nxe4 Nd5 18. Nc5 Qc6 19. Qb5 Qxb5 20. axb5 Nxf4 21. Bxf4 Bh6 22. Nd3 Bd7 23. c4 c6 24. b6 a4 25. Kd2 Bxf4 26. Nxf4 a3 27. b3 Rfe8 28. Nd3 Red8 29. Kc3 Be8 30. Nc5 Rab8 31. Ra1 Rd6 32. Rxa3 1-0

[Event "December 19 Late 2023"]
[Site "https://www.chess.com"]
[Date "2023.12.19"]
[Round "5"]
[White "Zavgorodniy, Sergiy"]
[Black "Kepeshchuk, Mykhaylo"]
[Result "1-0"]
[Board "71"]
[TimeControl "180+1"]
[WhiteFideId "14110148"]
[BlackFideId "14113139"]
[WhiteElo "2402"]
[BlackElo "2279"]
[WhiteTeam "UKR"]
[BlackTeam "UKR"]
[WhiteClock "0:01:01"]
[BlackClock "0:00:00"]

1. d4 Nf6 2. c4 c5 3. Nf3 cxd4 4. Nxd4 g6 5. Nc3 Bg7 6. g3 O-O 7. Bg2 Nc6 8. O-O Nxd4 9. Qxd4 d6 10. Qd2 a6 11. b3 Rb8 12. a4 Bd7 13. Rb1 Bc6 14. Bb2 Qa5 15. Rfc1 Rfc8 16. Ba1 Qh5 17. h3 Bxg2 18. Kxg2 Rc6 19. Qd3 Rbc8 20. Rd1 e6 21. Ne4 Nxe4 22. Qxe4 Bxa1 23. Rxa1 b5 24. axb5 axb5 25. Ra8 Qc5 26. cxb5 Qxb5 27. Rxd6 Rxa8 28. Qxc6 Rb8 29. Rd8+ Kg7 30. Qc3+ e5 31. Rxb8 Qxb8 32. b4 h5 33. h4 Kh7 34. Qc4 Qb7+ 35. Kg1 f5 36. b5 f4 37. Qc6 1-0

[Event "December 19 Late 2023"]
[Site "https://www.chess.com"]
[Date "2023.12.19"]
[Round "5"]
[White "Filgueira, Hernan"]
[Black "Chaika, Vitalii"]
[Result "1-0"]
[Board "72"]
[TimeControl "180+1"]
[WhiteFideId "101770"]
[BlackFideId "14111802"]
[WhiteElo "2363"]
[BlackElo "2010"]
[WhiteTeam "ARG"]
[BlackTeam "UKR"]
[WhiteClock "0:00:42"]
[BlackClock "0:00:21"]

1. e4 d6 2. d4 c6 3. c4 Nf6 4. Nc3 e5 5. d5 Nbd7 6. f3 Be7 7. Nh3 O-O 8. Nf2 a6 9. Be2 cxd5 10. cxd5 b5 11. b4 Nb6 12. a4 Nxa4 13. Nxa4 bxa4 14. Rxa4 Nd7 15. O-O Nb6 16. Ra5 Qd7 17. Be3 Bd8 18. Ra2 Bb7 19. Qa1 Bc7 20. Rc1 Rfb8 21. Rac2 Bd8 22. Bf1 f5 23. g3 g6 24. Bh3 Qf7 25. Qb1 Nd7 26. Rc6 Qf6 27. exf5 gxf5 28. Bxf5 Nf8 29. Ng4 Qe7 30. Be4 Bxc6 31. dxc6 Bb6 32. Bxb6 Rxb6 33. c7 Rc8 34. Qc2 Kg7 35. Bf5 Ne6 36. Qd2 Rxc7 37. Qh6+ Kg8 38. Bxe6+ Kh8 39. Rxc7 Qxc7 40. Qf8# 1-0